 Dungeon Crawl Stone Soup version 0.23.2-40-g277498a001 (webtiles) character file.

Game seed: 698634951062172415

92650 Amplified the Warrior (level 15, -13/144 HPs)
             Began as a Pale Draconian Earth Elementalist on Sept 17, 2019.
             Was the Champion of Makhleb.
             Mangled by a shambling mangrove (28 damage)
             ... on level 2 of the Swamp on Sept 18, 2019.
             The game lasted 01:16:03 (30923 turns).

Amplified the Warrior (DrEE)                       Turns: 30923, Time: 01:16:04

Health: -13/144    AC: 18    Str: 11    XL:     15   Next: 58%
Magic:  27/27      EV: 13    Int: 23    God:    Makhleb [******]
Gold:   759        SH:  0    Dex: 14    Spells: 16/31 levels left

rFire    . . .     SeeInvis .   S - +4 broad axe (flame)
rCold    . . .     Gourm    .   K - +1 buckler
rNeg     . . .     Faith    .   (armour unavailable)
rPois    .         Spirit   .   k - +2 hat
rElec    +         Reflect  .   h - scarf {repulsion}
rCorr    +         Harm     .   e - +2 pair of gloves
MR       ++++.                  N - +3 pair of boots "Micureiv" {MR++}
Stlth    +.........             P - amulet of regeneration
HPRegen  0.74/turn              U - ring of Xom's Approval {rCorr rElec Int+4}
MPRegen  0.20/turn              r - ring of protection from magic

@: confused, grasped by roots, constricted, repel missiles, very slow
A: breathe steam, unfitting armour, cold-blooded, AC +9
a: Breathe Steam, Minor Destruction, Lesser Servant of Makhleb, Major
Destruction, Greater Servant of Makhleb, Renounce Religion


You were on level 2 of the Swamp.
You worshipped Makhleb.
Makhleb was exalted by your worship.
You were not hungry.

You visited 5 branches of the dungeon, and saw 27 of its levels.
You also visited: Ossuary and Ice Cave.

You collected 2852 gold pieces.
You spent 2093 gold pieces at shops.

Inventory:

Hand Weapons
 S - a +4 broad axe of flaming (weapon)
Missiles
 b - 729 stones (quivered)
Armour
 e - a +2 pair of gloves (worn)
 h - a scarf of repulsion (worn)
 k - a +2 hat (worn)
 D - the +2 cloak of Vampiric Thralls {rElec MP+9 Str+7 Int-5}
   (You found it on level 7 of the Dungeon)

   It affects your strength (+7).
   It affects your intelligence (-5).
   It insulates you from electricity.
   It affects your magic capacity (+9).
 E - a +0 pair of gloves of archery
 K - a +1 buckler (worn)
 N - the +3 pair of boots "Micureiv" (worn) {MR++}
   (You found it on level 15 of the Dungeon)

   It affects your resistance to hostile enchantments.
Magical Staves
 p - an uncursed staff of death
 L - an uncursed staff of wizardry
Jewellery
 i - an uncursed ring of protection from fire
 r - a ring of protection from magic (right hand)
 A - an uncursed ring of poison resistance
 H - an uncursed ring of ice
 P - an amulet of regeneration (around neck)
 U - the ring of Xom's Approval (left hand) {rCorr rElec Int+4}
   (You bought it in a shop on level 2 of the Orcish Mines)

   [ring of resist corrosion]

   It affects your intelligence (+4).
   It insulates you from electricity.
Wands
 a - a wand of enslavement (5)
 f - a wand of random effects (7)
 j - a wand of iceblast (35)
 m - a wand of paralysis (20)
 s - a wand of flame (17)
Scrolls
 d - 6 scrolls of immolation
 n - a scroll of fear
 q - 4 scrolls of amnesia
 v - 9 scrolls of remove curse
 w - a scroll of acquirement
 y - 4 scrolls of identify
 C - 3 scrolls of teleportation
 F - a scroll of brand weapon
 I - a scroll of silence
 M - a scroll of fog
Potions
 l - a potion of cancellation
 t - 4 potions of mutation
 u - 3 potions of lignification
 x - 4 potions of magic
 B - 5 potions of flight
 G - a potion of might
 J - 2 potions of resistance
 O - a potion of agility
Comestibles
 c - 40 rations
 g - 3 chunks of flesh


   Skills:
 + Level 16.1 Fighting
 * Level 15.9 Axes
 - Level 7.3 Dodging
 - Level 1.7 Stealth
 - Level 4.7 Shields
 - Level 8.5 Spellcasting
 - Level 1.0 Transmutations
 - Level 8.7 Earth Magic
 - Level 5.0 Invocations
 - Level 7.4 Evocations


You had 16 spell levels left.
You knew the following spells:

 Your Spells              Type           Power        Failure   Level  Hunger
a - Sandblast             Erth           ######       1%          1    None
b - Passwall              Tmut/Erth      ####....     1%          2    None
c - Swiftness             Chrm/Air       #.......     10%         2    None
d - Blink                 Tloc           N/A          10%         2    None
e - Regeneration          Chrm/Necr      #.........   21%         3    None
f - Lee's Rapid Deconstr  Erth           ######....   4%          5    #####..

Your spell library contained the following spells:

 Spells                   Type           Power        Failure   Level  Hunger
 Stone Arrow              Conj/Erth      ####..       3%          3    None
 Beastly Appendage        Tmut           ##....       4%          1    None
 Animate Skeleton         Necr           N/A          7%          1    None
 Apportation              Tloc           #.....       7%          1    None
 Flame Tongue             Conj/Fire      #....        7%          1    None
 Freeze                   Ice            #...         7%          1    None
 Magic Dart               Conj           #...         7%          1    None
 Shock                    Conj/Air       #...         7%          1    None
 Sting                    Conj/Pois      #...         7%          1    None
 Summon Butterflies       Summ           #.......     7%          1    None
 Summon Small Mammal      Summ           #...         7%          1    None
 Sticks to Snakes         Tmut           ##......     7%          2    None
 Petrify                  Tmut/Erth      ####....     9%          4    ##.....
 Call Imp                 Summ           #.......     10%         2    None
 Slow                     Hex            #.......     10%         2    None
 Throw Flame              Conj/Fire      #.....       10%         2    None
 Throw Frost              Conj/Ice       #.....       10%         2    None
 Spider Form              Tmut/Pois      ##........   16%         3    None
 Ignite Poison            Fire/Tmut/Pois ##......     17%         3    None
 Call Canine Familiar     Summ           #.......     21%         3    None
 Conjure Flame            Conj/Fire      #.......     21%         3    None
 Inner Flame              Hex/Fire       #.......     21%         3    None
 Lesser Beckoning         Tloc           #.........   21%         3    None
 Mephitic Cloud           Conj/Pois/Air  #.......     21%         3    None
 Static Discharge         Conj/Air       #.......     21%         3    None
 Summon Guardian Golem    Hex/Summ       #.......     21%         3    None
 Tukima's Dance           Hex            #.......     21%         3    None
 Borgnjor's Vile Clutch   Necr/Erth      ####......   30%         5    #####..
 Ice Form                 Ice/Tmut       ##......     47%         4    ##.....
 Airstrike                Air            #.........   54%         4    ##.....
 Sticky Flame             Conj/Fire      #.......     54%         4    ##.....
 Summon Ice Beast         Ice/Summ       #.......     54%         4    ##.....
 Summon Lightning Spire   Summ/Air       #.......     54%         4    ##.....
 Throw Icicle             Conj/Ice       #.......     54%         4    ##.....
 Blade Hands              Tmut           ##........   77%         5    #####..
 Statue Form              Tmut/Erth      ####.....    80%         6    ######.
 Alistair's Intoxication  Tmut/Pois      ##......     83%         5    #####..
 Irradiate                Conj/Tmut      ##........   83%         5    #####..
 Excruciating Wounds      Chrm/Necr      #.........   88%         5    #####..
 Fireball                 Conj/Fire      #.........   88%         5    #####..
 Iskenderun's Battlesphe  Conj/Chrm      #.......     88%         5    #####..
 Lightning Bolt           Conj/Air       #.........   88%         5    #####..
 Metabolic Englaciation   Hex/Ice        #.........   88%         5    #####..
 Bolt of Cold             Conj/Ice       #.........   100%        6    ######.
 Freezing Cloud           Conj/Ice/Air   #.........   100%        6    ######.
 Hydra Form               Tmut           ##........   100%        6    ######.
 Invisibility             Hex            #.......     100%        6    ######.
 Ozocubu's Refrigeration  Ice            #.........   100%        6    ######.
 Simulacrum               Ice/Necr       #.........   100%        6    ######.
 Dragon Form              Tmut           ##........   100%        7    #######
 Ring of Flames           Chrm/Fire      #.........   100%        7    #######
 Ignition                 Fire           #.........   100%        8    #######
 Shatter                  Erth           ######....   100%        9    #######
 Tornado                  Air            #.........   100%        9    #######


Dungeon Overview and Level Annotations

Branches:
Dungeon (15/15)            Temple (0/1) D:4            Lair (6/6) D:8
  Swamp (2/4) Lair:4       Spider (0/4) Lair:2        Slime (0/5) Lair:6
    Orc (2/2) D:12            Elf (2/3) Orc:2        Vaults (0/5) D:14
 Depths (0/5) D:15

Altars:
Fedhas
Gozag
Hepliaklqana
Makhleb
Okawaru
Ru
Sif Muna
Vehumet

Shops:
D:4 %   D:5 [   D:13 %=?%   Orc:2 %?*=?   Elf:1 =

Portals:
Trove: Elf:1 (give 2 scrolls of acquirement)

Annotations:
D:8 Think about it. Endgame or safe 5.
D:10 exclusion: obsidian statue
D:13 Save for Robust fun
Lair:1 1 runed translucent door, MalarOregon's ghost, journeyman DrSu
Lair:5 Hytdra down, consider D:15.
Swamp:2 Extreme Care with proceedings. Initiate magic.
Orc:2 Set out for moni


Innate Abilities, Weirdness & Mutations

You can breathe blasts of scalding, opaque steam.
Your pale cyan-grey scales are hard. (AC +9)
You cannot fit into any form of body armour.
You are cold-blooded and may be slowed by cold attacks.


Message History

Found a scroll of identify.
Unknown command.
Unknown command.
Okay, then.
As you read the scroll of fear, it crumbles to dust.
You assume a fearsome visage.
The shambling mangrove is unaffected.
The spriggan rider looks frightened!
The spriggan druid looks frightened!
The alligator looks frightened!
Unknown command.
Unknown command.
Unknown command.
You are confused.
You feel invigorated.
* * * LOW HITPOINT WARNING * * *
The grasping roots constrict you!
A vampire mosquito comes into view.
Unknown command.
Unknown command.
The shambling mangrove hits you!!
You die...

♣...#..#.......≈.†.....≈≈≈♣
♣♣...............≈...≈≈...♣♣
♣
♣.........#..##(♣♣.≈≈≈≈.≈♣.♣
♣
♣♣.......i##.##.♣♣♣...≈...♣♣
. ♣♣...##.....# .♣ ♣♣♣.≈≈.♣♣
♣♣ ♣..........##. ♣.≈≈.♣
♣♣..#......?.♣♣ ♣..^.♣
.......#..f.♣ ♣♣..♣♣ ♣
.≈........@≈♣ .≈≈.≈♣♣≈..♣♣
♣♣.≈≈ ♣≈≈.. ♣≈≈.≈. ♣≈≈t≈..
.§≈.≈..§ ≈≈y.♣≈≈.≈. ♣≈≈.♣
≈≈.≈≈.


You could see a shambling mangrove, an alligator (fleeing), a spriggan rider
(fleeing) and a vampire mosquito.

Vanquished Creatures
  6 hydras
  A shambling mangrove (Swamp:2)
  3 vault guards (D:14)
  Harold (D:7)
  A centaur warrior (D:15)
  4 dancing weapons
  4 alligators
  3 two-headed ogres
  A death knight (D:13)
  An ogre mage (D:15)
  A tengu warrior (D:13)
  5 death yaks
  3 orc high priests (Orc:2)
  6 deep elf knights (Elf:1)
  2 skeletal warriors (D:15)
  2 unseen horrors
  A swamp dragon (Lair:6)
  3 deep elf archers
  A necromancer (D:15)
  A phantasmal warrior (D:15)
  4 orc knights (Orc:2)
  Pikel (D:7)
  2 cyclopes
  19 deep elf magi
  5 orc sorcerers (Orc:2)
  6 ugly things
  2 elephants (Lair:6)
  4 black mambas
  Joseph (D:7)
  9 spiny frogs
  5 rime drakes
  5 komodo dragons
  10 freezing wraiths
  2 spriggan zombies (D:15)
  6 hornets (Swamp:2)
  5 trolls
  A tyrant leech (Swamp:2)
  2 slime creatures (Lair:6)
  8 dream sheep
  10 hippogriffs
  3 bog bodies (Lair:4)
  7 blink frogs
  A meliai zombie (D:13)
  A harpy skeleton (D:15)
  An ice dragon zombie (D:15)
  A shadow (D:13)
  5 spriggans
  2 wyverns
  3 wraiths
  3 vampires
  3 redbacks (Lair:2)
  30 yaks
  2 water elementals (Elf:1)
  4 basilisks
  8 humans
  A hungry ghost (D:12)
  2 steam dragons
  5 vampire mosquitoes
  5 wargs
  Edmund (D:6)
  4 acid dragons
  4 swamp worms
  10 orc warriors
  20 water moccasins
  A human skeleton (D:15)
  2 swamp drakes
  13 ice beasts
  5 sky beasts
  A black bear (D:12)
  2 slaves (D:7)
  6 ogres
  4 phantoms
  An eye of draining (D:14)
  4 necrophages (D:6)
  5 wolves (Lair:6)
  6 centaurs
  11 crocodiles
  2 big kobolds (D:7)
  A wyvern zombie (D:15)
  An earth elemental (Elf:1)
  14 bullfrogs
  A wyvern skeleton (D:14)
  4 scorpions
  2 elephant simulacra (IceCv)
  4 killer bees
  6 howler monkeys
  9 wights
  2 electric eels
  5 crimson imps
  4 jellies
  A bullfrog zombie (D:6)
  2 bullfrog skeletons
  5 draconian simulacra (IceCv)
  13 orc priests
  5 hounds
  3 centaur skeletons
  11 orc wizards
  2 human zombies (Ossuary)
  8 iguanas
  A hell rat (Lair:6)
  9 worker ants
  7 troll simulacra (IceCv)
  A killer bee zombie (D:9)
  A polar bear simulacrum (IceCv)
  A spriggan simulacrum (IceCv)
  A wolf simulacrum (IceCv)
  A hound zombie (D:8)
  A hound skeleton (D:8)
  4 mummies (Ossuary)
  A worker ant zombie (D:6)
  10 gnolls
  An ogre simulacrum (IceCv)
  6 adders
  3 naga simulacra (IceCv)
  3 shadow imps
  12 white imps (IceCv)
  An ooze (D:6)
  An adder skeleton (D:8)
  4 adder zombies
  A dart slug (D:2)
  7 leopard geckos
  35 orcs
  2 giant cockroaches
  3 gnoll zombies (Ossuary)
  6 goblins
  11 hobgoblins
  7 jackals
  11 kobolds
  4 quokkas
  2 ball pythons
  9 bats
  2 frilled lizards (D:2)
  A hobgoblin zombie (Ossuary)
  2 jackal zombies (Ossuary)
  A kobold zombie (Ossuary)
  3 leopard gecko skeletons
  A leopard gecko zombie (D:6)
  An orc zombie (Ossuary)
  A quokka skeleton (D:5)
  A quokka zombie (D:8)
  5 rats
  5 fungi
  A plant (Lair:6)
640 creatures vanquished.

Vanquished Creatures (collateral kills)
  A fire dragon (Lair:6)
  A hydra (Lair:6)
  A two-headed ogre (D:15)
  2 death yaks (Lair:6)
  2 lindwurms (Lair:6)
  A necromancer (IceCv)
  A black mamba (Lair:6)
  A freezing wraith (IceCv)
  A rime drake (Lair:6)
  2 dream sheep (Lair:6)
  A steam dragon (Lair:6)
  An ogre (D:15)
  A draconian simulacrum (IceCv)
  A troll simulacrum (IceCv)
  An ogre simulacrum (IceCv)
18 creatures vanquished.

Vanquished Creatures (others)
  A rime drake (Lair:6)
  A human (D:14)
  A sky beast (D:7)
  An orc (D:7)
  A bush (D:6)
  12 fungi
  11 plants
28 creatures vanquished.

Grand Total: 686 creatures vanquished

Notes
Turn   | Place    | Note
-------+----------+-------------------------------------------
     0 | D:1      | Amplified the Draconian Earth Elementalist began the quest
                  | for the Orb.
     0 | D:1      | Reached XP level 1. HP: 14/14 MP: 3/3
   186 | D:1      | Reached skill level 1 in Fighting
   207 | D:1      | Reached XP level 2. HP: 19/23 MP: 5/5
  1128 | D:2      | Reached skill level 2 in Fighting
  1128 | D:2      | Reached XP level 3. HP: 25/29 MP: 5/7
  1722 | D:2      | Reached XP level 4. HP: 37/37 MP: 5/8
  1967 | D:3      | Found an opulent altar of Gozag.
  2293 | D:3      | Reached skill level 3 in Fighting
  2451 | D:3      | Found a hazy altar of Hepliaklqana.
  2964 | D:4      | Found Yczuwnez's Food Emporium.
  3018 | D:4      | Reached XP level 5. HP: 44/45 MP: 10/10
  3084 | D:4      | Reached skill level 4 in Fighting
  3583 | D:4      | Reached XP level 6. HP: 45/53 MP: 9/12
  3690 | D:4      | Noticed a yak
  3716 | D:4      | Killed a yak
  3716 | D:4      | Reached skill level 5 in Fighting
  3730 | D:4      | Reached skill level 5 in Spellcasting
  3750 | D:4      | Identified a scroll of acquirement
  3750 | D:4      | Identified Sif Muna's Tome of Assistive Changing (You
                  | acquired it on level 4 of the Dungeon)
  3950 | D:4      | Found a burning altar of Makhleb.
  3950 | D:4      | Found a radiant altar of Vehumet.
  4015 | D:4      | Found a staircase to the Ecumenical Temple.
  4127 | D:4      | Found an iron altar of Okawaru.
  4127 | D:4      | Found a sacrificial altar of Ru.
  4168 | D:5      | Entered Level 5 of the Dungeon
  4231 | D:5      | Your scales start taking on a pale cyan-grey colour.
  4231 | D:5      | Reached XP level 7. HP: 48/61 MP: 6/14
  4302 | D:4      | Became a worshipper of Makhleb the Destroyer
  4350 | D:5      | Reached skill level 1 in Invocations
  4383 | D:5      | Found a sand-covered staircase.
  4433 | D:5      | Found Gouven's Armour Emporium.
  4446 | D:5      | Bought a scarf of repulsion for 180 gold pieces
  4527 | D:5      | Reached skill level 6 in Fighting
  4615 | Ossuary  | Entered an ossuary
  4722 | Ossuary  | Reached * piety under Makhleb
  5027 | D:5      | Reached XP level 8. HP: 70/71 MP: 15/15
  5512 | D:6      | Reached skill level 7 in Fighting
  5865 | D:6      | Found a blossoming altar of Fedhas.
  5904 | D:6      | Reached skill level 5 in Invocations
  5951 | D:6      | Identified the Handbook of Icy Attacks
  6136 | D:6      | Noticed Edmund
  6145 | D:6      | Reached skill level 8 in Fighting
  6170 | D:6      | Killed Edmund
  6170 | D:6      | Reached skill level 5 in Dodging
  6170 | D:6      | Reached XP level 9. HP: 50/81 MP: 17/17
  6284 | D:6      | Reached ** piety under Makhleb
  6554 | D:7      | Noticed Pikel
  6563 | D:7      | Killed Pikel
  6563 | D:7      | Reached skill level 9 in Fighting
  6590 | D:7      | Noticed Harold
  6608 | D:7      | Killed Harold
  6778 | D:7      | Noticed Joseph
  6806 | D:7      | Killed Joseph
  6806 | D:7      | Reached XP level 10. HP: 79/92 MP: 20/20
  6867 | D:7      | Got a jewelled cloak
  6868 | D:7      | Identified the +2 cloak of Vampiric Thralls {rElec MP+9
                  | Str+7 Int-5} (You found it on level 7 of the Dungeon)
  7181 | D:7      | Found a deep blue altar of Sif Muna.
  7284 | D:8      | Got a slimy great sword
  7285 | D:8      | Identified the +4 great sword "Qugup" {flame, MR- Str+4
                  | Dex+6 SInv} (You found it on level 8 of the Dungeon)
  7337 | D:8      | Found a staircase to the Lair.
  7532 | D:8      | Reached skill level 10 in Fighting
  7823 | D:8      | Got a dazzling hat
  7829 | D:8      | Identified the +0 hat of Mezcal {+Blink rC+ Dex-5 SInv}
                  | (You acquired it on level 8 of the Dungeon)
  8539 | D:9      | Reached *** piety under Makhleb
  9464 | D:10     | Entered Level 10 of the Dungeon
  9582 | D:10     | Reached skill level 5 in Earth Magic
  9800 | D:10     | Reached skill level 11 in Fighting
  9868 | D:10     | Noticed an obsidian statue
 10303 | D:11     | Noticed a purple ugly thing
 10410 | D:11     | Got a bloodstained hand axe
 10411 | D:11     | Identified the +6 hand axe "Bippeepo" {chop, Fragile +Blink
                  | Int+3 SInv} (You found it on level 11 of the Dungeon)
 10419 | D:11     | Found a frozen archway.
 10426 | IceCv    | Entered an ice cave
 10436 | IceCv    | Reached XP level 11. HP: 96/102 MP: 21/23
 10472 | IceCv    | Reached **** piety under Makhleb
 10472 | IceCv    | Reached skill level 1 in Axes
 10472 | IceCv    | Reached skill level 1 in Shields
 11294 | IceCv    | Got a bone great sword
 11375 | IceCv    | Found an ancient bone altar of Kikubaaqudgha.
 12251 | IceCv    | Noticed a necromancer
 12281 | IceCv    | Killed a necromancer
 12359 | IceCv    | Identified Aneos's Handbook of the Glacier
 12736 | D:11     | Killed a purple ugly thing
 12823 | D:11     | Reached skill level 1 in Evocations
 12831 | D:11     | Reached skill level 5 in Axes
 13411 | D:12     | Noticed a deep elf mage
 13417 | D:12     | Killed a deep elf mage
 13708 | D:12     | Reached XP level 12. HP: 98/112 MP: 24/24
 13784 | D:12     | Reached skill level 12 in Fighting
 13816 | D:12     | Reached ***** piety under Makhleb
 13933 | D:12     | Found a staircase to the Orcish Mines.
 14349 | D:12     | Got a pitted dagger
 14350 | D:12     | Identified the +2 great sword "Enly" {slice, rC+ Int-3
                  | Dex+3} (You found it in an ice cave)
 14351 | D:12     | Identified the +12 dagger "Dragonbane" {flame, *Corrode
                  | Fragile MP+9 Stlth+} (You found it on level 12 of the
                  | Dungeon)
 14532 | D:13     | Found Ukluibam's Magic Scroll Shop.
 14534 | D:13     | Bought a scroll of magic mapping for 49 gold pieces
 14534 | D:13     | Bought a scroll of enchant weapon for 105 gold pieces
 14877 | D:13     | Found Vecaod's Food Emporium.
 14940 | D:13     | Found Qobb's Jewellery Shoppe.
 14965 | D:13     | Noticed a tengu warrior
 14979 | D:13     | Killed a tengu warrior
 14980 | D:13     | Noticed a death knight
 15286 | Orc:1    | Entered Level 1 of the Orcish Mines
 15379 | Orc:1    | Reached skill level 5 in Evocations
 15609 | Orc:2    | Entered Level 2 of the Orcish Mines
 15636 | Orc:2    | Found Qozxeq's Food Shop.
 15703 | Orc:2    | Found a staircase to the Elven Halls.
 16083 | Orc:2    | Found Piconiv's Magic Scroll Emporium.
 16116 | Orc:2    | Noticed an orc high priest
 16595 | Orc:2    | Noticed an orc high priest
 16614 | Orc:2    | Killed an orc high priest
 16655 | Orc:2    | Killed an orc high priest
 17207 | Orc:2    | Found Heagequd's General Store.
 17208 | Orc:2    | Found Noofil's Magic Scroll Boutique.
 17208 | Orc:2    | Found Uzebes's Jewellery Boutique.
 17264 | Orc:2    | Bought a scroll of brand weapon for 220 gold pieces
 17265 | Orc:2    | Bought a scroll of summoning for 104 gold pieces
 17265 | Orc:2    | Bought a scroll of silence for 82 gold pieces
 17265 | Orc:2    | Bought a scroll of enchant armour for 82 gold pieces
 17265 | Orc:2    | Bought a scroll of teleportation for 33 gold pieces
 17265 | Orc:2    | Bought a scroll of magic mapping for 38 gold pieces
 17267 | Orc:2    | Bought the ring of Xom's Approval {rCorr rElec Int+4} for
                  | 720 gold pieces
 17280 | Orc:2    | Bought 3 scrolls of teleportation for 90 gold pieces
 17280 | Orc:2    | Bought a potion of heal wounds for 50 gold pieces
 17464 | Lair:1   | Entered Level 1 of the Lair of Beasts
 17469 | Lair:1   | Found a runed translucent door.
 17483 | Lair:1   | Noticed MalarOregon's ghost (journeyman DrSu)
 17693 | Lair:1   | Reached XP level 13. HP: 119/119 MP: 25/25
 18220 | Lair:2   | Found a hole to the Spider Nest.
 20024 | Lair:4   | Reached skill level 13 in Fighting
 20396 | Lair:4   | Found a staircase to the Swamp.
 20681 | Lair:5   | Reached skill level 10 in Axes
 21300 | Lair:6   | Entered Level 6 of the Lair of Beasts
 21302 | Lair:6   | Identified the Reference Book on Sinister Contamination
                  | (You acquired it on level 6 of the Lair of Beasts)
 21378 | Lair:6   | Found a staircase to the Slime Pits.
 22080 | D:14     | Reached ****** piety under Makhleb
 22587 | Elf:1    | Entered Level 1 of the Elven Halls
 22747 | Elf:1    | Reached XP level 14. HP: 75/130 MP: 26/26
 22906 | Elf:1    | Reached skill level 14 in Fighting
 22936 | Elf:1    | Found Vuru's Jewellery Shoppe.
 23031 | Elf:1    | You fall through a shaft!
 23321 | Elf:2    | Found Azodut's Food Shop.
 23869 | Elf:1    | Found a portal to a secret trove of treasure.
 25661 | Lair:6   | Reached skill level 15 in Fighting
 27285 | D:14     | Found a gate to the Vaults.
 27417 | D:14     | Reached XP level 15. HP: 141/141 MP: 27/27
 27697 | D:15     | Entered Level 15 of the Dungeon
 27948 | D:15     | Found a staircase to the Depths.
 28022 | D:15     | Got a pair of heavily runed boots
 28023 | D:15     | Identified the +3 pair of boots "Micureiv" {MR++} (You
                  | found it on level 15 of the Dungeon)
 28247 | D:15     | Learned a level 2 spell: Passwall
 28250 | D:15     | Learned a level 2 spell: Swiftness
 28253 | D:15     | Learned a level 2 spell: Blink
 28257 | D:15     | Learned a level 3 spell: Regeneration
 28752 | D:15     | Reached skill level 15 in Axes
 29004 | D:13     | Found Jaubif's Food Emporium.
 29240 | Elf:1    | HP: 6/143 [something (23)]
 29474 | Elf:1    | Noticed an Executioner
 29915 | Orc:2    | Bought an uncursed ring of poison resistance for 340 gold
                  | pieces
 30178 | Swamp:1  | Entered Level 1 of the Swamp
 30412 | Swamp:2  | Paralysed by a hornet for 2 turns
 30463 | Swamp:2  | Learned a level 5 spell: Lee's Rapid Deconstruction
 30599 | Swamp:2  | Reached skill level 16 in Fighting
 30907 | Swamp:2  | Paralysed by a hornet for 2 turns
 30923 | Swamp:2  | Mangled by a shambling mangrove

Skill      XL: |  1  2  3  4  5  6  7  8  9 10 11 12 13 14 15 |
---------------+----------------------------------------------+-----
Fighting       | 1 2 3 4 5 6 8 9 11 12 13 15 16 | 16.1
Spellcasting   | 3 4 5 7 8 |  8.5
Dodging        | 3 5 6 7 |  7.3
Invocations    | 3 5 |  5.0
Earth Magic    | 5 6 8 |  8.7
Axes           | 5 8 11 14 15 | 15.9
Shields        | 4 |  4.7
Evocations     | 3 7 |  7.4
Stealth        | |  1.7
Transmutations | |  1.0

Action                   |  1- 3 |  4- 6 |  7- 9 | 10-12 | 13-15 || total
-------------------------+-------+-------+-------+-------+-------++-------
Melee: Unarmed           |    84 |       |       |       |       ||    84
       Tailslap          |    16 |    10 |    44 |   130 |   132 ||   332
       Dagger            |    39 |    59 |   207 |       |       ||   305
       War axe           |       |       |   146 |   250 |       ||   396
       Hand axe          |       |       |       |   592 |   227 ||   819
       Broad axe         |       |       |       |       |  1052 ||  1052
Throw: Throwing net      |       |       |     1 |     1 |       ||     2
       Stone             |       |       |       |     1 |     5 ||     6
 Cast: Sandblast         |    26 |    85 |     1 |     1 |       ||   113
Invok: Lesser Servant of |       |       |       |     8 |    11 ||    19
       Major Destruction |       |       |       |     1 |       ||     1
       Minor Destruction |       |       |       |       |     1 ||     1
       Greater Servant o |       |       |       |       |     2 ||     2
 Abil: Breathe Steam     |       |       |    27 |    97 |    94 ||   218
       Evoke Blink       |       |       |       |    11 |     1 ||    12
Evoke: Wand              |       |       |       |    28 |     8 ||    36
  Use: Scroll            |     3 |     7 |    10 |    20 |    30 ||    70
       Potion            |     3 |     3 |     3 |    13 |    18 ||    40
 Stab: Sleeping          |     1 |     1 |     2 |     3 |     6 ||    13
       Distracted        |       |     1 |       |     1 |       ||     2
       Paralysed         |       |       |       |    22 |     5 ||    27
       Invisible         |       |       |       |       |     6 ||     6
  Eat: Chunk             |     3 |     7 |     7 |    21 |    17 ||    55
       Ration            |       |       |     3 |     8 |    11 ||    22
Armor: Skin              |    47 |    37 |   147 |   259 |   376 ||   866
Dodge: Dodged            |   105 |    56 |   195 |   711 |   772 ||  1839
       Deflected         |       |       |     4 |    25 |    18 ||    47
Block: Buckler           |       |       |       |   159 |   341 ||   500
